 Dungeon Crawl Stone Soup version 0.27.1 (webtiles) character file.

Game seed: 231772209701710358

88 shadowrider38 the Changer (level 4, -1/32 HPs)
             Began as a Merfolk Transmuter on Aug 21, 2021.
             Succumbed to an adder's poison
             ... on level 4 of the Dungeon.
             The game lasted 00:10:02 (3122 turns).

shadowrider38 the Changer (Merfolk Transmuter)      Turns: 3122, Time: 00:10:03

Health: -1/32      AC:  2    Str: 10 (11) XL:     4   Next: 54%
Magic:  7/7        EV: 12    Int: 10 (12) God:
Gold:   74         SH:  0    Dex: 13 (14) Spells: 6/7 levels left

rFire    . . .     SeeInvis .     - Unarmed
rCold    . . .     Faith    .   (no shield)
rNeg     . . .     Spirit   .   a - +0 robe
rPois    .         Reflect  .   (helmet currently unavailable)
rElec    .         Harm     .   (no cloak)
rCorr    .         Rampage  .   (no gloves)
Will     .....                  (boots currently unavailable)
Stlth    +.........             (no amulet)
HPRegen  0.10/turn              (no ring)
MPRegen  0.10/turn              (no ring)

@: lethally poisoned (-1 -> -10), appendages
A: horns 2, (nimble swimmer 2), mertail
a: End Transformation


You were on level 4 of the Dungeon.
You had temporarily grown beastly horns.
You visited 1 branch of the dungeon, and saw 4 of its levels.

You collected 74 gold pieces.

Inventory:

Missiles
 b - 46 stones
 c - 2 throwing nets
 m - 5 boomerangs
 p - 4 silver javelins
Armour
 a - a +0 robe (worn)
 j - a +0 pair of boots (melded)
Jewellery
 i - a ring of see invisible
Wands
 n - a wand of charming (9)
Scrolls
 e - 3 scrolls of identify {unknown}
 h - a scroll of noise {unknown}
 k - 2 scrolls of immolation {unknown}
 l - a scroll of fear {unknown}
 o - a scroll of teleportation {unknown}
Potions
 d - a potion of resistance {unknown}
 f - a potion of curing {unknown}
 g - a potion of lignification {unknown}
 q - a potion of degeneration


   Skills:
 - Level 1.1 Fighting
 - Level 2.6 Dodging
 + Level 4.6 Unarmed Combat
 - Level 2.0 Spellcasting
 + Level 4.7 Transmutations


You had 6 spell levels left.
You knew the following spells:

 Your Spells              Type           Power      Damage    Failure   Level
a - Beastly Appendage     Tmut           20%        N/A       4%          1

Your spell library contained the following spells:

 Spells                   Type           Power      Damage    Failure   Level
 Wereblood                Tmut           10%        N/A       7%          2
 Spider Form              Tmut/Pois      2%         N/A       34%         3
 Ice Form                 Ice/Tmut       5%         N/A       75%         4
 Iskenderun's Battlesphe  Conj           1%         2d6       100%        5
 Iron Shot                Conj/Erth      0%         9d1       100%        6
 Spellforged Servitor     Conj/Summ      0%         N/A       100%        7


Dungeon Overview and Level Annotations

Branches:
Dungeon (4/15)
 Temple: D:4-7

Altars:


Innate Abilities, Weirdness & Mutations

You have temporarily grown beastly horns.
((You are quick and stealthy near water. (Stealth+, EV+, Speed+++)))
Your lower body shifts to a powerful aquatic tail in water.


Message History

You feel sick. The adder barely misses you.
You closely miss the adder.
The adder is heavily wounded.
You feel sick. The adder bites you.
You closely miss the adder.
The adder is heavily wounded.
You feel sick. The adder misses you.
You barely miss the adder.
The adder is heavily wounded.
You feel sick. The adder closely misses you. The adder bites you.
You closely miss the adder. You headbutt the adder.
The adder is severely wounded.
You feel sick.
You are no longer poisoned.
The adder barely misses you.
You hit the adder.
The adder is severely wounded.
The adder bites you.
* * * LOW HITPOINT WARNING * * *
You are lethally poisoned!
The adder poisons you!
You closely miss the adder. Your headbutt misses the adder.
The adder is severely wounded.
* * * LOW HITPOINT WARNING * * *
You feel sick. The adder misses you.
You barely miss the adder. Your headbutt misses the adder.
The adder is severely wounded.
* * * LOW HITPOINT WARNING * * *
You feel sick. The adder bites you.
* * * LOW HITPOINT WARNING * * *
You are more poisoned.
The adder poisons you!
Press: ? - help, v - describe, . - travel
Here: an adder (severely wounded)
The floor.
Unknown command.
It was a potion of degeneration.
There was something very wrong with that liquid.
You feel weakened.
You feel dopey.
You feel clumsy.
You die...

############ ...........#
...........#######
........>........# ###########
...........####..###........†.
..............#...##.#########
...........##.#.#.#.......#
...........#..#.#.........####
########...).@S...............
#####.#.#.##.##............
#...#.#.#.##.##............
#.#.#.#......##............
#.#.#.###.######...........
###.#.#.# #.# #..........#
#.#.#.#.###.# #..........
#........##.# #..........
#####.#####.....# ##+####...


You could see an adder.

Vanquished Creatures
  A gnoll (D:4)
  An adder (D:3)
  A worm (D:2)
  3 dart slugs (D:1)
  4 orcs (D:4)
  7 endoplasms
  3 giant cockroaches
  2 goblins (D:2)
  7 hobgoblins
  4 kobolds
  3 quokkas
  4 ball pythons
  7 bats
  3 frilled lizards
  2 rats (D:1)
52 creatures vanquished.

Notes
Turn   | Place    | Note
-------+----------+-------------------------------------------
     0 | D:1      | shadowrider38 the Merfolk Transmuter began the quest for
                  | the Orb.
     0 | D:1      | Reached XP level 1. HP: 15/15 MP: 3/3
   245 | D:1      | Reached XP level 2. HP: 19/21 MP: 3/5
   588 | D:1      | Reached XP level 3. HP: 24/26 MP: 4/6
  1837 | D:3      | Reached XP level 4. HP: 9/32 MP: 7/7
  2198 | D:3      | Noticed an ogre
  3035 | D:4      | Noticed a scorpion
  3121 | D:4      | HP: 1/32 [adder (3)]
  3122 | D:4      | Succumbed to an adder's poison

Illustrated notes

Levels and vault maps discovered:
D:1:      amcnicky_arrival_double_pillar, layout_basic
D:2:      layout_basic, skrybe_limestone_x
D:3:      layout_loops_ring, lightli_temple_of_fire,
          grunt_temple_overflow_diamond, dreamdust_ecumenical_altar_grove,
          uniq_crazy_yiuf_cottage
D:4:      layout_basic, minmay_misc_feat_chi

Skill      XL: |  1  2  3 |
---------------+----------+-----
Transmutations | 3 4 |  4.7
Unarmed Combat | 4 |  4.6
Fighting       | |  1.1
Dodging        | |  2.6
Spellcasting   | |  2.0

Action                   |  1- 3 |  4- 6 || total
-------------------------+-------+-------++-------
Melee: Unarmed           |   137 |    65 ||   202
       Headbutt          |    17 |    10 ||    27
       Punch             |     1 |       ||     1
 Cast: Beastly Appendage |    17 |     5 ||    22
  Use: Potion            |       |     1 ||     1
 Stab: Sleeping          |     1 |       ||     1
Armor: Robe              |    31 |     9 ||    40
Dodge: Dodged            |    99 |    35 ||   134
